 Dungeon Crawl Stone Soup version 0.15.1-3-g1b33baa (webtiles) character file.

216 Johnny the Chiller (level 5, -3/41 HPs)
             Began as a Demigod Ice Elementalist on Oct 10, 2014.
             Killed from afar by an orc wizard (10 damage)
             ... with a puff of flame
             ... on Level 4 of the Dungeon.
             The game lasted 00:05:51 (2811 turns).

Johnny the Chiller (Demigod Ice Elementalist)       Turns: 2811, Time: 00:05:51

HP  -3/41        AC  5     Str 17      XL: 5   Next: 34%
MP   2/12        EV 10     Int 21      God:
Gold 171         SH  0     Dex 16      Spells:  2 memorised,  4 levels left

rFire  . . .     SeeInvis .     p - +2 mace (crush)
rCold  . . .     Clarity  .     j - +0 ring mail
rNeg   . . .     rCorr    .     (no shield)
rPois  .         rRot     .     (no helmet)
rElec  .         Spirit   .     (no cloak)
SustAb .         Warding  .     (no gloves)
rMut   .         Stasis   .     (no boots)
Gourm  +                        u - amulet of the gourmand
MR     .....                    (no ring)
                                (no ring)

@: mighty, very slightly contaminated, hasted, very quick, not resistant to
hostile enchantments, very unstealthy
A: no striking features
a: no special abilities


You were on level 4 of the Dungeon.
You were not hungry.

You visited 1 branch of the dungeon, and saw 4 of its levels.

You collected 171 gold pieces.

Inventory:

Hand weapons
 i - a -1 club
 p - a +2 mace of crushing (weapon)
Armour
 a - a +0 robe
 j - a +0 ring mail (worn)
Comestibles
 c - 4 bread rations
 f - 3 slices of pizza
 g - 3 beef jerkies
 l - 3 fruits
Scrolls
 d - a scroll of magic mapping
 k - a scroll of enchant armour {unknown}
 m - a scroll of fog {unknown}
 r - 3 scrolls of fear {unknown}
 s - 4 scrolls of identify {unknown}
 w - a scroll of remove curse
 z - a scroll of teleportation {unknown}
Jewellery
 u - an amulet of the gourmand (around neck)
 y - an uncursed ring of fire
Potions
 e - a potion of might
 o - a potion of heal wounds {unknown}
 q - a potion of cure mutation {unknown}
 t - a potion of restore abilities
 v - a potion of magic {unknown}
 x - a potion of brilliance {unknown}
Books
 b - a book of Frost

   Spells                             Type                      Level
   *Freeze                            Ice                          1
   Throw Frost                        Conjuration/Ice              2
   Ozocubu's Armour                   Charms/Ice                   3
   Throw Icicle                       Conjuration/Ice              4
   *Summon Ice Beast                  Ice/Summoning                4
   Condensation Shield                Ice                          4


   Skills:
 * Level 1.7 Fighting
 + Level 1.1 Armour
 + Level 2.5 Dodging
 + Level 2.1 Stealth
 * Level 2.6 Spellcasting
   Level 0.8 Conjurations
 * Level 0.8 Summonings
 * Level 3.9 Ice Magic


You had 4 spell levels left.
You knew the following spells:

 Your Spells              Type           Power        Failure   Level  Hunger
a - Freeze                Ice            ###.         3%          1    None
b - Summon Ice Beast      Ice/Summ       ##......     61%         4    ####...


Dungeon Overview and Level Annotations

Branches:
Dungeon (4/15)
 Temple: D:4-7


Message History

Drink which item? (? for menu, Esc to quit)
You feel better.
It was a potion of curing.
Something hits you.
The orc hits you from afar with a trident.
* * * LOW HITPOINT WARNING * * *
The orc barely misses you.
Unknown command.
Drink which item? (? for menu, Esc to quit)
You feel yourself speed up.
It was a potion of haste.
Something hits you but does no damage. x2
The orc closely misses you. The orc completely misses you.
Unknown command.
Drink which item? (? for menu, Esc to quit)
Okay, then.
You hear some strange, mumbled words.
A puff of flame appears from out of thin air!
The puff of flame hits you!
* * * LOW HITPOINT WARNING * * *
A puff of flame appears from out of thin air!
The puff of flame hits you!
You die...

..## #..# .....
..####...# #.......
........# #......##
#.......# .......#..
##.....## #......#...
.......# #.........#
.......# #.........##
#......## #..........#
###..#..##
###..@.........
##...##..###...##..#####.
#...####......####..#
....# ##.....## #..#
#...###.....## ##o#
##..##......# #o)#
#.......##..# ##.#
##....#####.# w.
##.....## #.# ...


You could see a worm and 2 orcs.

Vanquished Creatures
  An orc priest (D:4)
  An orc wizard (D:4)
  8 adders
  A giant mite (D:3)
  A worm (D:2)
  4 giant geckos
  An ooze (D:1)
  2 orcs (D:3)
  2 ball pythons (D:3)
  3 giant cockroaches
  7 goblins
  7 hobgoblins
  4 jackals (D:1)
  8 bats
  5 giant newts
  7 kobolds
  7 rats
69 creatures vanquished.

Notes
Turn   | Place    | Note
--------------------------------------------------------------
     0 | D:1      | Johnny, the Demigod Ice Elementalist, began the quest for the Orb.
     0 | D:1      | Reached XP level 1. HP: 14/14 MP: 3/3
   640 | D:1      | Reached skill level 3 in Ice Magic
   640 | D:1      | Reached XP level 2. HP: 16/22 MP: 0/4
  1051 | D:2      | Reached skill level 1 in Fighting
  1075 | D:2      | Reached XP level 3. HP: 18/28 MP: 0/8
  1377 | D:2      | Found a bloodstained altar of Trog.
  1401 | D:2      | Reached XP level 4. HP: 32/35 MP: 8/11
  1415 | D:2      | HP: 1/35 [worm (3)]
  1432 | D:2      | Learned a level 4 spell: Summon Ice Beast
  2258 | D:3      | Reached skill level 1 in Armour
  2797 | D:4      | Reached XP level 5. HP: 22/41 MP: 8/12
  2811 | D:4      | Killed from afar by an orc wizard

Action                   |  1- 3 |  4- 6 || total
-------------------------+-------+-------++-------
Melee: Unarmed           |    21 |       ||    21
       Club              |    57 |       ||    57
       Mace              |    18 |    83 ||   101
 Cast: Freeze            |    34 |    33 ||    67
  Use: Scroll            |     2 |       ||     2
       Potion            |       |     4 ||     4
 Stab: Sleeping          |     1 |     2 ||     3
  Eat: Chunk             |     1 |     9 ||    10
